 Dungeon Crawl Stone Soup version 0.23.1 (webtiles) character file.

Game seed: 8298206852883155477

346706 LostNumber the Envoy of Void (level 21, -31/179 HPs)
             Began as a Demonspawn Abyssal Knight on Mar 10, 2019.
             Was a High Priest of Lugonu.
             Killed from afar by a frost giant (34 damage)
             ... with a bolt of cold
             ... on level 2 of the Depths.
             The game lasted 01:31:28 (50477 turns).

LostNumber the Envoy of Void (DsAK)                Turns: 50477, Time: 01:31:29

Health: -31/179    AC: 33    Str: 22    XL:     21   Next: 19%
Magic:  32/32      EV: 15    Int: 18    God:    Lugonu [*****.]
Gold:   79         SH:  9    Dex: 15    Spells: 20/20 levels left

rFire    + . .     SeeInvis .   P - +9 demon trident (flame)
rCold    . . .     Gourm    .   r - +2 buckler of the Bells {*Corrode rN+ Slay+4}
rNeg     + + .     Faith    .   L - +2 plate armour {rC+}
rPois    +         Spirit   .   v - +2 helmet of Lorphun {Dex+2}
rElec    +         Reflect  +   X - +2 cloak
rCorr    .         Harm     .   Q - +2 pair of gloves
MR       ++...                  k - +2 pair of boots of the Assassin {Detection Stab+ Stlth++}
Stlth    ..........             R - +2 amulet of reflection
HPRegen  0.39/turn              g - ring of the Well-Known Moons {rPois Int+4 Slay+3}
MPRegen  0.23/turn              Y - ring of Compassion {Fire rElec MR+}

@: repel missiles
A: talons 2, repulsion field 3, low mp 1, negative energy resistance 1, powered
by death 2, powered by pain 3, screaming 1
}: 2/15 runes: decaying, serpentine
a: Depart the Abyss, Bend Space, Banish, Corrupt, Enter the Abyss, Renounce
Religion


You were on level 2 of the Depths.
You worshipped Lugonu.
Lugonu was extremely pleased with you.
You were not hungry.

You visited 8 branches of the dungeon, and saw 38 of its levels.
You visited the Abyss 4 times.
You visited 1 bazaar.

You collected 3909 gold pieces.
You spent 3830 gold pieces at shops.

Inventory:

Hand Weapons
 f - a +2 broad axe of venom
   (You took it off a vault warden on level 2 of the Vaults)
 P - a +9 demon trident of flaming (weapon)
   (You took it off Urug on level 13 of the Dungeon)
Missiles
 h - 2 throwing nets (quivered) {!f}
Armour
 k - the +2 pair of boots of the Assassin (worn) {Detection Stab+ Stlth++}
   (You acquired it on level 1 of the Depths)

   It makes you much more stealthy.
 r - the +2 buckler of the Bells (worn) {*Corrode rN+ Slay+4}
   (You bought it in a shop on level 8 of the Dungeon)

   It affects your accuracy and damage with ranged weapons and melee attacks
   (+4).
   It protects you from negative energy.
   It may corrode you when you take damage.
 v - the +2 helmet of Lorphun (worn) {Dex+2}
   (You found it on level 1 of the Depths)

   It affects your dexterity (+2).
 L - a +2 plate armour of cold resistance (worn)
   (You took it off an orc warrior on level 10 of the Dungeon)
 Q - a +2 pair of gloves (worn)
   (You found it on level 2 of the Lair of Beasts)
 W - the +1 pair of boots of Veomire {rCorr}
   (You acquired it on level 14 of the Dungeon)

   It provides partial protection from all sources of acid and corrosion.
 X - a +2 cloak (worn)
   (You bought it in a shop on level 4 of the Vaults)
Jewellery
 g - the ring of the Well-Known Moons (left hand) {rPois Int+4 Slay+3}
   (You bought it in a shop on level 7 of the Dungeon)

   [ring of poison resistance]

   It affects your intelligence (+4).
   It affects your accuracy and damage with ranged weapons and melee attacks
   (+3).
   It protects you from poison.
 l - an uncursed ring of protection from magic
   (You found it on level 4 of the Snake Pit)
 R - a +2 amulet of reflection (around neck)
   (You found it on level 4 of the Swamp)
 Y - the ring of Compassion (right hand) {Fire rElec MR+}
   (You found it on level 3 of the Vaults)

   [ring of fire]

   It enhances your fire magic.
   It protects you from fire.
   It makes you vulnerable to cold.
   It insulates you from electricity.
   It affects your resistance to hostile enchantments.
Wands
 c - a wand of disintegration (7)
   (You found it on level 2 of the Swamp)
 d - a wand of iceblast (36)
   (You found it on level 7 of the Dungeon)
 t - a wand of flame (41)
   (You took it off Ijyb on level 5 of the Dungeon)
 u - a wand of paralysis (12)
   (You found it on level 1 of the Swamp)
 x - a wand of acid (9)
   (You found it on level 6 of the Dungeon)
 z - a wand of clouds (6)
   (You took it off a crimson imp on level 6 of the Dungeon)
 H - a wand of polymorph (15)
   (You found it on level 6 of the Dungeon)
 J - a wand of enslavement (19)
   (You found it on level 8 of the Dungeon)
 O - a wand of scattershot (7)
   (You found it on level 1 of the Lair of Beasts)
Scrolls
 i - 13 scrolls of enchant armour
 m - 5 scrolls of enchant weapon
 n - 2 scrolls of silence
 p - 11 scrolls of magic mapping
 q - a scroll of summoning
 s - 6 scrolls of blinking
 w - 4 scrolls of immolation {!r}
 y - 7 scrolls of identify {@r1}
 B - 18 scrolls of remove curse {@r2}
 D - 6 scrolls of fear
 F - 13 scrolls of teleportation {@r4}
 K - 4 scrolls of vulnerability {!r}
 T - 3 scrolls of fog
Potions
 a - 3 potions of mutation {!q}
 b - 5 potions of lignification {!q}
 j - 7 potions of flight
 A - a potion of invisibility
 C - 4 potions of agility
 E - 9 potions of curing {@q1}
 G - 5 potions of might
 I - 2 potions of ambrosia
 M - 4 potions of haste {@q3}
 N - 3 potions of heal wounds {@q2}
 S - 3 potions of brilliance
 U - a potion of magic
 V - a potion of resistance
Comestibles
 e - 54 rations {!d}
 o - 4 chunks of flesh


   Skills:
 + Level 18.8 Fighting
 - Level 14.0(15.3) Axes
 - Level 11.2(14.0) Polearms
 + Level 14.3 Armour
 + Level 8.0 Dodging
 - Level 4.0 Shields
 + Level 23.0 Invocations
 - Level 10.5 Evocations


You had 20 spell levels left.
You didn't know any spells.
Your spell library contained the following spells:

 Spells                   Type           Power        Failure   Level  Hunger
 Apportation              Tloc           #.....       91%         1    ##.....
 Confusing Touch          Hex            #.....       91%         1    ##.....
 Corona                   Hex            #......      91%         1    ##.....
 Flame Tongue             Conj/Fire      #....        91%         1    ##.....
 Freeze                   Ice            #...         91%         1    ##.....
 Infusion                 Chrm           #...         91%         1    ##.....
 Magic Dart               Conj           #...         91%         1    ##.....
 Summon Butterflies       Summ           #.......     91%         1    ##.....
 Summon Small Mammal      Summ           #...         91%         1    ##.....
 Blink                    Tloc           N/A          97%         2    ###....
 Call Imp                 Summ           #.......     97%         2    ###....
 Ensorcelled Hibernation  Hex/Ice        #.....       97%         2    ###....
 Shroud of Golubria       Chrm/Tloc      #.........   97%         2    ###....
 Slow                     Hex            #.......     97%         2    ###....
 Song of Slaying          Chrm           #.......     97%         2    ###....
 Swiftness                Chrm/Air       #.......     97%         2    ###....
 Throw Frost              Conj/Ice       #.....       97%         2    ###....
 Call Canine Familiar     Summ           #.......     100%        3    ####...
 Confuse                  Hex            #.......     100%        3    ####...
 Conjure Flame            Conj/Fire      #.......     100%        3    ####...
 Dazzling Spray           Conj/Hex       #.....       100%        3    ####...
 Gell's Gravitas          Tloc           #.........   100%        3    ####...
 Inner Flame              Hex/Fire       #.......     100%        3    ####...
 Lesser Beckoning         Tloc           #.........   100%        3    ####...
 Mephitic Cloud           Conj/Pois/Air  #.......     100%        3    ####...
 Ozocubu's Armour         Chrm/Ice       #.......     100%        3    ####...
 Portal Projectile        Hex/Tloc       #.....       100%        3    ####...
 Regeneration             Chrm/Necr      #.........   100%        3    ####...
 Spectral Weapon          Hex/Chrm       #.......     100%        3    ####...
 Summon Guardian Golem    Hex/Summ       #.......     100%        3    ####...
 Tukima's Dance           Hex            #.......     100%        3    ####...
 Cause Fear               Hex            #.........   100%        4    #####..
 Leda's Liquefaction      Hex/Erth       #.........   100%        4    #####..
 Petrify                  Tmut/Erth      #.......     100%        4    #####..
 Summon Ice Beast         Ice/Summ       #.......     100%        4    #####..
 Summon Lightning Spire   Summ/Air       #.......     100%        4    #####..
 Throw Icicle             Conj/Ice       #.......     100%        4    #####..
 Alistair's Intoxication  Tmut/Pois      #.......     100%        5    ######.
 Bolt of Magma            Conj/Fire/Erth #.........   100%        5    ######.
 Borgnjor's Vile Clutch   Necr/Erth      #.........   100%        5    ######.
 Metabolic Englaciation   Hex/Ice        #.........   100%        5    ######.
 Silence                  Hex/Air        #.........   100%        5    ######.
 Yara's Violent Unravell  Hex/Tmut       #.........   100%        5    ######.
 Bolt of Cold             Conj/Ice       #.........   100%        6    #######
 Bolt of Fire             Conj/Fire      #.........   100%        6    #######
 Darkness                 Hex            #.........   100%        6    #######
 Deflect Missiles         Chrm/Air       #.........   100%        6    #######
 Invisibility             Hex            #.......     100%        6    #######
 Iron Shot                Conj/Erth      #.........   100%        6    #######
 Poison Arrow             Conj/Pois      #.........   100%        6    #######
 Shadow Creatures         Summ           N/A          100%        6    #######
 Statue Form              Tmut/Erth      #........    100%        6    #######
 Dragon Form              Tmut           #.........   100%        7    #######
 Chain Lightning          Conj/Air       #.........   100%        8    #######
 Lehudib's Crystal Spear  Conj/Erth      #.........   100%        8    #######
 Dragon's Call            Summ           #.........   100%        9    #######
 Fire Storm               Conj/Fire      #.........   100%        9    #######
 Glaciate                 Conj/Ice       #.........   100%        9    #######
 Shatter                  Erth           #.........   100%        9    #######


Dungeon Overview and Level Annotations

Branches:
Dungeon (15/15)            Temple (0/1) D:4            Lair (6/6) D:10
  Swamp (4/4) Lair:3        Snake (4/4) Lair:3        Slime (0/5) Lair:6
    Orc (2/2) D:9             Elf (0/3) Orc:2        Vaults (4/5) D:13
  Crypt (1/3) Vaults:2     Depths (2/5) D:15

Altars:
Elyvilon
Fedhas
Gozag
Kikubaaqudgha
Qazlal
Sif Muna
Trog
Uskayaw
Xom
The Shining One
Beogh
Jiyva

Shops:
D:7 =   D:8 *   D:13 !   D:14 ?   Orc:2 }((%%   Vaults:4 ?*[!   Depths:1 }=}

Portals:
Hell: Depths:1

Annotations:
D:6 1 runed translucent door, Crazy Yiuf
D:8 exclusion: door
D:12 1 runed translucent door, Freyura's ghost, journeyman GnFi
D:15 1 runed translucent door, exclusion: upstairs
Lair:1 1 runed translucent door, acidapple's ghost, journeyman HuWz
Lair:3 1 runed translucent door
Lair:4 exclusion: oklob plant
Swamp:2 3 runed translucent doors, Puciz's ghost, adept GrMo
Swamp:4 corrupted
Snake:3 1 runed translucent door, P0WERM0DE's ghost, adept MiFi
Vaults:3 corrupted
Vaults:4 corrupted


Innate Abilities, Weirdness & Mutations

You have razor-sharp toenails.
You are surrounded by a strong repulsion field. (EV +4, RMsl)
You resist negative energy. (rN+)
You regenerate health from kills.
You are powered by pain.
Your magical capacity is low. (-10% MP)
You occasionally shout uncontrollably at your foes.


Message History

The iron troll claws you!
* * * LOW HITPOINT WARNING * * *
You block the iron troll's attack.
You puncture the iron troll! You spit the iron troll like a pig!!!
You burn the iron troll.
You kill the iron troll!
Lugonu accepts your kill.
Items here: ) †††† a +0 arbalest; an ugly thing corpse; a yaktaur corpse; an ugly thing corpse x2
You butcher the yaktaur corpse.
Items here: % ) ÷ ††† You see here a bolt.
You start resting.
You feel a little less mighty now.
Autopickup is now on.
You see here a bolt.
o - 13 chunks of flesh (gained 4)
Items here: ) ÷ ††† a +0 arbalest; an ugly thing corpse; a yaktaur skeleton; an ugly thing corpse x2
You see here a bolt.
You start resting.
Eating one of 13 chunks of flesh.
You eat one of the 13 chunks of flesh.
Some of the chunks of flesh in your inventory have rotted away.
The frost giant is too close now for your liking.
Unknown command.
The frost giant shouts!
Items here: ) ÷ ††† a +0 arbalest; an ugly thing corpse; a yaktaur skeleton; an ugly thing corpse x2
Unknown command.
The frost giant points at you and mumbles some strange words.
The bolt of cold hits you!
* * * LOW HITPOINT WARNING * * *
You impale the frost giant!! You burn the frost giant.
The frost giant hits you but does no damage.
You hit the frost giant. You burn the frost giant.
You puncture the frost giant! You burn the frost giant.
The frost giant hits you with a +1 battleaxe of freezing!!
* * * LOW HITPOINT WARNING * * *
The frost giant freezes you.
* * * LOW HITPOINT WARNING * * *
You hit the frost giant. You burn the frost giant.
You hit the frost giant but do no damage.
You puncture the frost giant! You burn the frost giant.
The frost giant gestures at you while chanting.
The bolt of cold hits you!!!
* * * LOW HITPOINT WARNING * * *
You puncture the frost giant! You burn the frost giant.
The frost giant points at you and mumbles some strange words.
The bolt of cold hits you!!
You die...

+..{+..######
#...#..##C{.## ...
##+###..#....###(# ..#.
#...###.#.##{{#(### ....#
##.... ####.##.##.#.#
...?##.......# ..##.##.(##
..#((.####'####..##.....##
#.........C....# ####...##
#....##@# ## ###c.##..
#.().# ###..u##.##
####)#### #.#{####.#
#......##. #.#...#.#
##.u.##### ......>..##
#.#...#.# #........#
...(......#
#..#.#..####....####
...:.......
#...#...##.....#...##
...........
#..#.#..#..#.u###...#
...........
#.#...#.#........####


You could see a frost giant.

Vanquished Creatures
  Nikola (Swamp:2)
  Jorgrun (Orc:2)
  A tentacled monstrosity (Vaults:2)
  A lich (Depths:2)
  A titan (Depths:1)
  3 sphinxes
  2 tentacled starspawn
  Agnes (Snake:3)
  2 tengu reavers (Vaults:4)
  4 thorn hunters
  A storm dragon (Vaults:2)
  A frost giant (D:15)
  9 nagarajas
  A deep elf sorcerer (Vaults:3)
  3 fire giants
  Louise (Swamp:2)
  Aizul (Snake:1)
  9 vault wardens
  3 very ugly things
  6 ironheart preservers
  10 stone giants
  A lorocyproca (Abyss:1)
  A deep elf death mage (Vaults:2)
  5 ettins
  8 fire dragons
  A crystal guardian (Vaults:3)
  3 yaktaur captains
  A great orb of eyes (Vaults:2)
  4 ice dragons
  26 naga warriors
  7 vault guards
  14 hydras
  7 anacondas
  4 centaur warriors
  4 death knights
  Erica (D:10)
  4 rakshasas
  2 shambling mangroves
  36 two-headed ogres
  A dancing weapon (Abyss:1)
  7 alligators
  7 deep troll earth magi
  6 ogre magi
  3 tengu warriors
  5 deep troll shamans
  2 death yaks
  2 thrashing horrors (Abyss:1)
  7 shock serpents
  11 spriggans
  Nergalle (D:10)
  11 naga sharpshooters
  Urug (D:13)
  4 deep elf knights
  A salamander mystic (Snake:2)
  A wretched star (Abyss:1)
  2 iron trolls
  3 shadow wraiths
  6 hell knights (Depths:2)
  A titan skeleton (Vaults:4)
  6 skeletal warriors
  5 unseen horrors
  16 deep trolls
  3 spriggan druids (Swamp:4)
  A spatial maelstrom (Abyss:1)
  2 deep elf archers (Vaults:3)
  6 glowing orange brains
  5 naga ritualists
  8 swamp dragons
  A flayed ghost (Vaults:2)
  6 harpies
  2 wizards
  2 phantasmal warriors (Vaults:3)
  Pikel (D:8)
  10 ironbrand convokers
  7 deep elf magi
  46 ugly things
  2 lindwurms (Swamp:4)
  12 orc knights
  9 mana vipers
  6 large abominations
  2 orc sorcerers
  14 salamanders
  3 manticores
  9 cyclopes
  3 wolf spiders
  26 black mambas
  3 centaur zombies
  4 elephants (Lair:6)
  A worldbinder (Abyss:1)
  5 guardian serpents
  31 naga magi
  A torpor snail (Lair:4)
  An orange demon (Abyss:1)
  4 smoke demons
  A spiny frog (shapeshifter) (Vaults:3)
  11 vault sentinels
  12 spiny frogs
  A hellion (Abyss:1)
  An efreet (D:14)
  3 kobold demonologists
  A yaktaur zombie (Vaults:4)
  8 freezing wraiths
  27 yaktaurs
  6 rime drakes
  A rime drake (shapeshifter) (D:14)
  4 komodo dragons
  5 ancient zymes
  2 tengu conjurers
  3 meliai (D:14)
  3 polar bears
  13 hornets
  12 trolls
  12 tyrant leeches
  A fire giant simulacrum (Vaults:1)
  4 raiju (Abyss:1)
  10 bog bodies
  A frost giant simulacrum (Vaults:2)
  A snapping turtle (shapeshifter) (Vaults:1)
  7 dream sheep (Lair:6)
  17 blink frogs
  9 hippogriffs
  An ice dragon zombie (Abyss:1)
  30 slime creatures
  A centaur simulacrum (D:15)
  6 flying skulls (Abyss:1)
  Sigmund (D:5)
  A shadow (Vaults:2)
  2 vampires
  4 wyverns
  5 wraiths
  37 yaks
  5 water elementals
  A ynoxinul (Abyss:2)
  A human (shapeshifter) (D:14)
  A basilisk (shapeshifter) (Vaults:2)
  A fire bat (Abyss:2)
  2 basilisks
  4 hogs (D:7)
  21 vampire mosquitoes
  2 hungry ghosts
  Edmund (D:4)
  14 swamp worms
  A neqoxec (Abyss:1)
  10 insubstantial wisps (Swamp:4)
  50 nagas
  3 soldier ants
  9 wargs
  3 acid dragons
  5 small abominations
  21 water moccasins
  11 porcupines
  17 swamp drakes
  24 orc warriors
  A black bear (D:9)
  4 phantoms
  3 sky beasts
  A hornet zombie (D:14)
  An ice beast (D:10)
  A slave (D:8)
  38 ogres
  14 boggarts
  4 wolves
  15 centaurs
  4 big kobolds
  15 crocodiles
  Blork the orc (Orc:2)
  A gnoll sergeant (Orc:2)
  18 bullfrogs
  A glowing shapeshifter simulacrum (Vaults:1)
  A wyvern zombie (D:14)
  A human skeleton (Vaults:4)
  A wyvern skeleton (D:7)
  17 killer bees
  4 scorpions
  5 wights (D:13)
  5 howler monkeys
  5 electric eels
  12 crimson imps
  4 starcursed masses (Abyss:1)
  3 human simulacra
  7 jellies
  2 quasits
  5 hounds
  A wyvern simulacrum (D:13)
  16 orc wizards
  2 bullfrog skeletons
  3 iron imps (Abyss:1)
  8 orc priests
  8 centaur skeletons
  5 iguanas
  Ijyb (D:5)
  21 worker ants
  A killer bee zombie (D:6)
  A hound zombie (D:9)
  A hound skeleton (D:4)
  A howler monkey skeleton (D:4)
  A river rat (shapeshifter) (Depths:1)
  17 adders
  4 gnolls (D:5)
  5 shadow imps
  2 white imps (Abyss:1)
  An ooze (D:1)
  2 ufetubi (Abyss:2)
  2 adder zombies
  5 worms
  2 dart slugs
  4 leopard geckos
  67 orcs
  9 bats
  5 giant cockroaches
  7 goblins
  2 hobgoblins
  17 jackals
  31 kobolds
  3 quokkas
  2 ball pythons (D:3)
  3 frilled lizards
  A leopard gecko zombie (D:5)
  12 rats
  2 briar patches (Swamp:4)
  2 fungi (Lair:4)
  A lurking horror (Abyss:2)
  A starspawn tentacle (Abyss:2)
1480 creatures vanquished.

Vanquished Creatures (others)
  The ghost of Nipiytu the Hoplite, a veteran HOFi of Qazlal (Vaults:3)
  2 storm dragons
  A shadow dragon (Vaults:3)
  A fire giant (Vaults:4)
  A vault warden (Vaults:3)
  An ironheart preserver (Vaults:4)
  A very ugly thing (Swamp:4)
  A stone giant (Depths:2)
  2 vampire knights
  3 yaktaur captains (Vaults:4)
  4 vault guards (Vaults:4)
  2 shambling mangroves (Swamp:4)
  A naga warrior (Snake:3)
  4 hydras
  A two-headed ogre (D:8)
  An anaconda (Snake:2)
  3 alligators
  2 ogre magi
  A queen ant (D:8)
  A naga sharpshooter (Snake:3)
  2 deep trolls
  2 spriggan druids
  A wizard (Vaults:3)
  4 swamp dragons
  An ironbrand convoker (Vaults:4)
  A lindwurm (Swamp:4)
  A phantasmal warrior (Vaults:4)
  2 necromancers
  A deep elf mage (Vaults:3)
  4 vault sentinels
  3 spiny frogs
  3 yaktaurs
  A troll (Orc:1)
  A wind drake (shapeshifter) (Vaults:3)
  A tengu simulacrum (Vaults:3)
  5 hornets (Swamp:4)
  A tyrant leech (Swamp:2)
  A stone giant simulacrum (Vaults:3)
  A slave (D:8)
  A vampire (D:9)
  A human (D:7)
  A vampire mosquito (Swamp:4)
  4 swamp worms (Swamp:4)
  3 soldier ants (D:8)
  A hornet zombie (D:9)
  2 swamp drakes
  2 ogres
  A centaur (D:8)
  2 killer bees (D:9)
  3 orc wizards
  2 orc priests (D:8)
  A worker ant (D:8)
  7 orcs
  6 briar patches (Swamp:4)
  A fungus (Lair:4)
  8 plants
  3 starspawn tentacles
  13 toadstools
  A withered plant (Snake:3)
133 creatures vanquished.

Grand Total: 1613 creatures vanquished

Notes
Turn   | Place    | Note
-------+----------+-------------------------------------------
     0 | Abyss:1  | LostNumber the Demonspawn Abyssal Knight began the quest
                  | for the Orb.
     0 | Abyss:1  | Reached XP level 1. HP: 18/18 MP: 2/2
    61 | Abyss:1  | Noticed a mana viper
    62 | D:1      | Escaped the Abyss
    80 | D:1      | Found a glowing golden altar of the Shining One.
   327 | D:1      | Reached skill level 1 in Dodging
   340 | D:1      | Gained mutation: You are surrounded by a mild repulsion
                  | field. (EV +2) [demonic ancestry]
   340 | D:1      | Reached XP level 2. HP: 20/24 MP: 3/3
   550 | D:1      | Reached * piety under Lugonu
  1233 | D:2      | Reached XP level 3. HP: 27/29 MP: 5/5
  1628 | D:2      | Found a blossoming altar of Fedhas.
  1708 | D:3      | Found a hide-covered altar of Uskayaw.
  1714 | D:3      | Reached skill level 3 in Invocations
  1722 | D:3      | HP: 1/29 [kobold (3)]
  2156 | D:3      | Reached ** piety under Lugonu
  2479 | D:3      | Gained mutation: You regenerate a little health from kills.
                  | [demonic ancestry]
  2479 | D:3      | Reached XP level 4. HP: 34/35 MP: 6/6
  2973 | D:3      | Noticed a moth of wrath
  2976 | D:3      | Found a bloodstained altar of Trog.
  3670 | D:4      | Found a staircase to the Ecumenical Temple.
  3775 | D:4      | Noticed Edmund
  3957 | D:4      | Reached XP level 5. HP: 30/41 MP: 7/7
  4240 | D:4      | Found a white marble altar of Elyvilon.
  4342 | D:4      | Killed Edmund
  4342 | D:4      | Reached skill level 4 in Invocations
  4342 | D:4      | Gained mutation: You have sharp toenails. [demonic
                  | ancestry]
  4342 | D:4      | Reached XP level 6. HP: 48/48 MP: 7/9
  5186 | D:4      | Found a shimmering altar of Xom.
  5220 | D:4      | Reached XP level 7. HP: 37/54 MP: 10/10
  5667 | D:5      | Entered Level 5 of the Dungeon
  5683 | D:5      | Reached *** piety under Lugonu
  5880 | D:5      | Noticed Ijyb
  5901 | D:5      | Killed Ijyb
  6072 | D:5      | Noticed Sigmund
  6105 | D:5      | Killed Sigmund
  6105 | D:5      | Reached skill level 5 in Invocations
  6399 | D:5      | Found a stormy altar of Qazlal.
  6664 | D:5      | Reached skill level 5 in Axes
  6778 | D:5      | Gained mutation: You sometimes gain a little power by
                  | taking damage. [demonic ancestry]
  6778 | D:5      | Reached XP level 8. HP: 43/61 MP: 12/12
  7648 | D:6      | Reached skill level 5 in Fighting
  8110 | D:6      | Reached skill level 6 in Invocations
  8275 | D:7      | Found an ancient bone altar of Kikubaaqudgha.
  8806 | D:7      | Found Qorraen's Jewellery Shoppe.
  8992 | D:6      | Found a runed translucent door.
  8993 | D:6      | Noticed Crazy Yiuf
  9192 | D:7      | Gained mutation: You regenerate health from kills. [demonic
                  | ancestry]
  9192 | D:7      | Reached XP level 9. HP: 60/69 MP: 12/14
  9217 | D:7      | Reached skill level 7 in Invocations
  9228 | D:7      | Reached skill level 5 in Armour
  9787 | D:8      | Found Cuotesh's Assorted Antiques.
  9854 | D:8      | Noticed Pikel
  9875 | D:8      | Killed Pikel
 10320 | D:8      | Reached skill level 8 in Invocations
 10605 | D:8      | Reached **** piety under Lugonu
 10613 | D:8      | Noticed a queen ant
 10618 | D:8      | Banished a queen ant
 10638 | D:8      | Gained mutation: You have razor-sharp toenails. [demonic
                  | ancestry]
 10638 | D:8      | Reached XP level 10. HP: 53/77 MP: 16/16
 11089 | D:8      | Noticed a two-headed ogre
 11092 | D:8      | Banished a two-headed ogre
 11100 | D:8      | Found a deep blue altar of Sif Muna.
 11470 | D:9      | Reached skill level 9 in Invocations
 11606 | D:9      | Found a staircase to the Orcish Mines.
 12983 | D:9      | Reached skill level 10 in Invocations
 13177 | D:9      | Reached skill level 10 in Axes
 13536 | Orc:1    | Entered Level 1 of the Orcish Mines
 13540 | Orc:1    | Gained mutation: You sometimes gain power by taking damage.
                  | [demonic ancestry]
 13540 | Orc:1    | Reached XP level 11. HP: 86/86 MP: 18/18
 14110 | D:7      | Bought the ring of the Well-Known Moons {rPois Int+4
                  | Slay+3} for 624 gold pieces
 14188 | D:10     | Entered Level 10 of the Dungeon
 14194 | D:10     | Noticed Nergalle
 14245 | D:10     | Killed Nergalle
 14289 | D:10     | Found a staircase to the Lair.
 14478 | D:10     | Noticed Erica
 14495 | D:10     | Killed Erica
 14600 | D:10     | Noticed a two-headed ogre
 14618 | D:10     | Killed a two-headed ogre
 14795 | Lair:1   | Entered Level 1 of the Lair of Beasts
 14890 | Lair:1   | Reached skill level 11 in Invocations
 15072 | Lair:1   | Found a runed translucent door.
 15072 | Lair:1   | Found a shimmering altar of Xom.
 15072 | Lair:1   | Noticed acidapple's ghost (journeyman HuWz)
 15074 | Lair:1   | Noticed a +3 scimitar of chaos
 16141 | Lair:2   | Found an opulent altar of Gozag.
 16584 | Lair:3   | Noticed a six-headed hydra
 16586 | Lair:3   | Banished a six-headed hydra
 16586 | Lair:3   | Gained mutation: You are surrounded by a moderate repulsion
                  | field. (EV +3) [demonic ancestry]
 16586 | Lair:3   | Reached XP level 12. HP: 80/97 MP: 20/20
 16628 | Lair:3   | Found a staircase to the Snake Pit.
 16632 | Lair:3   | Reached skill level 12 in Invocations
 16953 | Lair:3   | Reached skill level 10 in Fighting
 16961 | Lair:3   | Reached skill level 1 in Evocations
 17002 | Lair:3   | Reached ***** piety under Lugonu
 17150 | Lair:3   | Noticed a five-headed hydra
 17152 | Lair:3   | Banished a five-headed hydra
 17167 | Lair:3   | Noticed a catoblepas
 17189 | Lair:3   | Found a runed translucent door.
 17233 | Lair:3   | Found a staircase to the Swamp.
 18295 | Lair:4   | Noticed a death yak
 18295 | Lair:4   | Noticed a death yak
 18341 | Lair:3   | Killed a death yak
 18433 | Lair:4   | Killed a death yak
 18958 | Lair:4   | Reached skill level 13 in Invocations
 20051 | D:8      | Bought a bloodstained buckler for 275 gold pieces
 20056 | D:8      | Identified the +2 buckler of the Bells {*Corrode rN+
                  | Slay+4} (You bought it in a shop on level 8 of the Dungeon)
 20114 | Orc:1    | Found a roughly hewn altar of Beogh.
 20240 | Orc:2    | Entered Level 2 of the Orcish Mines
 20240 | Orc:2    | Found Ifaoxiu's Weapon Emporium.
 20240 | Orc:2    | Found Diolloha's Gadget Shop.
 20240 | Orc:2    | Noticed a two-headed ogre
 20242 | Orc:2    | Noticed a two-headed ogre
 20243 | Orc:2    | Noticed a two-headed ogre
 20243 | Orc:2    | Noticed a two-headed ogre
 20247 | Orc:2    | Noticed a two-headed ogre
 20248 | Orc:2    | Noticed a two-headed ogre
 20251 | Orc:1    | Killed a two-headed ogre
 20251 | Orc:1    | Gained mutation: You are powered by pain. [demonic
                  | ancestry]
 20251 | Orc:1    | Reached XP level 13. HP: 70/104 MP: 22/22
 20458 | D:11     | Reached skill level 1 in Shields
 20765 | D:11     | You fall through a shaft for 2 floors!
 20768 | D:13     | Noticed a sphinx
 21588 | D:12     | Reached skill level 5 in Evocations
 21989 | D:12     | Found a runed translucent door.
 21989 | D:12     | Noticed Freyura's ghost (journeyman GnFi)
 22132 | D:13     | Found a gate to the Vaults.
 22168 | D:13     | Reached ****** piety under Lugonu
 22563 | D:13     | Reached skill level 14 in Invocations
 22612 | D:13     | Noticed Urug
 22631 | D:13     | Killed Urug
 22706 | D:13     | Found Koato's Distillery.
 22718 | D:13     | Bought a potion of haste for 130 gold pieces
 22718 | D:13     | Bought a potion of curing for 39 gold pieces
 22718 | D:13     | Bought a potion of curing for 39 gold pieces
 22718 | D:13     | Bought a potion of might for 52 gold pieces
 22718 | D:13     | Bought a potion of agility for 52 gold pieces
 22977 | D:13     | Killed a sphinx
 22977 | D:13     | Reached skill level 1 in Polearms
 22977 | D:13     | Reached XP level 14. HP: 84/113 MP: 24/24
 23577 | Lair:6   | Entered Level 6 of the Lair of Beasts
 24067 | Lair:6   | Found a staircase to the Slime Pits.
 24069 | Lair:6   | Found a viscous altar of Jiyva.
 24522 | Lair:6   | Reached skill level 5 in Polearms
 25250 | Orc:1    | Reached skill level 15 in Invocations
 25721 | Orc:2    | Found Ranaroc's Antique Weapon Emporium.
 25726 | Orc:2    | Found Ublimaro's Food Shoppe.
 25796 | Orc:2    | Noticed Blork the orc
 25803 | Orc:2    | Killed Blork the orc
 25837 | Orc:2    | Found Fiuwnapp's Food Emporium.
 25940 | Orc:2    | Found a staircase to the Elven Halls.
 26058 | Orc:2    | Noticed Jorgrun
 26077 | Orc:2    | Killed Jorgrun
 26077 | Orc:2    | Reached XP level 15. HP: 39/122 MP: 26/26
 26870 | Swamp:1  | Entered Level 1 of the Swamp
 26899 | Swamp:1  | Found a transporter.
 27250 | Swamp:1  | Found a transporter.
 27672 | Swamp:2  | Noticed Nikola
 27685 | Swamp:2  | HP: 5/122 [Nikola/bolt of lightning (36)]
 27688 | Swamp:2  | Killed Nikola
 28023 | Swamp:2  | Found a runed translucent gate.
 28023 | Swamp:2  | Found a runed translucent gate.
 28023 | Swamp:2  | Found a runed translucent gate.
 28024 | Swamp:2  | Noticed a thorn hunter
 28027 | Swamp:2  | Noticed Puciz's ghost (adept GrMo)
 28093 | Swamp:2  | Noticed Louise
 28096 | Swamp:2  | Cast into level 2 of the Abyss (Louise)
 28169 | Abyss:2  | Got a scorched whip
 28201 | Abyss:2  | Noticed a tentacled starspawn
 28217 | Abyss:2  | Killed a tentacled starspawn
 28217 | Abyss:2  | Reached skill level 16 in Invocations
 28253 | Abyss:2  | Noticed a revenant
 28261 | Swamp:2  | Escaped the Abyss
 28268 | Swamp:2  | Killed Louise
 29045 | Swamp:3  | HP: 6/124 [spriggan rider/+0 spear (9)]
 29783 | Swamp:3  | Gained mutation: You are surrounded by a strong repulsion
                  | field. (EV +4, RMsl) [demonic ancestry]
 29783 | Swamp:3  | Reached XP level 16. HP: 131/131 MP: 28/28
 30195 | Swamp:4  | Entered Level 4 of the Swamp
 30399 | Snake:1  | Entered Level 1 of the Snake Pit
 30489 | Snake:1  | Noticed Aizul
 30515 | Snake:1  | Killed Aizul
 30515 | Snake:1  | Reached skill level 10 in Polearms
 31030 | Snake:1  | Found an ancient bone altar of Kikubaaqudgha.
 31235 | Snake:2  | Found a flickering gateway to a bazaar.
 31252 | Snake:2  | Reached skill level 10 in Evocations
 31276 | Bazaar   | Entered a bazaar
 31281 | Bazaar   | Found Idghe Udu's Antique Armour Shop.
 31294 | Bazaar   | Found Mugh's Gadget Shop.
 31350 | Bazaar   | Bought a wand of iceblast (12) for 128 gold pieces
 31475 | Snake:2  | HP: 6/132 [poisoned by a naga warrior (splash of poison)]
 31481 | Snake:2  | HP: 6/132 [poisoned by a naga warrior (splash of poison)]
 32015 | Snake:2  | Reached skill level 17 in Invocations
 33139 | D:14     | Found Vyityrgh's Magic Scroll Shoppe.
 33146 | D:14     | Bought a scroll of fear for 38 gold pieces
 33146 | D:14     | Bought a scroll of blinking for 82 gold pieces
 33146 | D:14     | Bought a scroll of acquirement for 572 gold pieces
 33146 | D:14     | Bought a scroll of teleportation for 33 gold pieces
 33148 | D:14     | Got a pair of blackened boots
 33159 | D:14     | Identified the +1 pair of boots of Veomire {rCorr} (You
                  | acquired it on level 14 of the Dungeon)
 33296 | D:14     | Noticed a tengu reaver
 33303 | D:14     | Banished a tengu reaver
 33646 | D:15     | Entered Level 15 of the Dungeon
 33720 | D:15     | Found a white marble altar of Elyvilon.
 33722 | D:15     | Found a runed translucent door.
 33766 | D:15     | Found a staircase to the Depths.
 33840 | D:15     | Reached XP level 17. HP: 139/139 MP: 29/29
 34562 | Swamp:1  | Identified Qoluvin's Compendium of Frigorific Augmentations
 34580 | Swamp:1  | Got a scintillating brass ring
 34587 | Swamp:1  | Got a sparkling brass ring
 34617 | Swamp:1  | Identified the ring of Gluttony {Int+3 Dex+2 Stlth+} (You
                  | found it on level 1 of the Swamp)
 34618 | Swamp:1  | Identified the ring "Unal" {rPois rC+ Stlth-} (You found it
                  | on level 1 of the Swamp)
 34689 | Swamp:4  | Got an ancient robe
 34898 | Swamp:4  | Reached skill level 18 in Invocations
 35004 | Swamp:4  | Identified the +5 chain mail of Laketot {rElec}
 35240 | Swamp:4  | Corrupted Swamp:4
 35240 | Swamp:4  | Noticed a bone dragon
 35718 | Swamp:4  | Got a decaying rune of Zot
 36266 | Snake:2  | Reached skill level 15 in Fighting
 36705 | Snake:3  | Noticed Agnes
 36747 | Snake:3  | Killed Agnes
 37069 | Snake:3  | Reached skill level 19 in Invocations
 37544 | Snake:3  | Found a runed translucent door.
 37544 | Snake:3  | Noticed P0WERM0DE's ghost (adept MiFi)
 37646 | Snake:4  | Entered Level 4 of the Snake Pit
 37670 | Snake:4  | Gained mutation: You resist negative energy. (rN+) [demonic
                  | ancestry]
 37670 | Snake:4  | Reached XP level 18. HP: 140/149 MP: 31/31
 37813 | Snake:4  | Reached skill level 10 in Armour
 38557 | Snake:4  | Got a serpentine rune of Zot
 38845 | Vaults:1 | Entered Level 1 of the Vaults
 38859 | D:13     | Reached skill level 20 in Invocations
 39462 | Vaults:1 | Identified the cursed +1 scythe "Jellyslayer" {drain,
                  | Str+3}
 40371 | Vaults:1 | Reached XP level 19. HP: 155/159 MP: 33/33
 40886 | Vaults:2 | Found a staircase to the Crypt.
 40888 | Vaults:2 | Paralysed by a vampire knight for 4 turns
 40896 | Vaults:2 | Paralysed by a vampire knight for 2 turns
 41396 | Vaults:2 | Reached skill level 21 in Invocations
 42186 | Crypt:1  | Entered Level 1 of the Crypt
 42582 | Vaults:3 | Got a twitching silver ring
 42595 | Vaults:3 | Identified the ring of Compassion {Fire rElec MR+} (You
                  | found it on level 3 of the Vaults)
 42646 | Vaults:3 | Got an ichor-stained arbalest
 42959 | Vaults:3 | Corrupted Vaults:3
 42971 | Vaults:3 | Found a large runed translucent door.
 42973 | Vaults:3 | Noticed Nipiytu's ghost (veteran HOFi)
 42974 | Vaults:3 | Found a large runed translucent door.
 43033 | Vaults:3 | Killed Nipiytu's ghost
 44234 | Vaults:2 | Escaped the Abyss
 44883 | Vaults:3 | Reached XP level 20. HP: 170/170 MP: 34/34
 45383 | Vaults:4 | Reached skill level 22 in Invocations
 45390 | Vaults:4 | Reached skill level 5 in Dodging
 45614 | Vaults:4 | Found Goymay's Assorted Antiques.
 45674 | Vaults:4 | Bought a scroll of remove curse for 90 gold pieces
 45674 | Vaults:4 | Bought a scroll of teleportation for 90 gold pieces
 45674 | Vaults:4 | Bought a metallic golden potion for 27 gold pieces
 45674 | Vaults:4 | Bought a wand of clouds (5) for 360 gold pieces
 45864 | Vaults:4 | Corrupted Vaults:4
 46405 | Vaults:4 | Found Xeirocupu's Antique Armour Shop.
 46406 | Vaults:4 | Found Xoukae's Distillery.
 46413 | Vaults:4 | Bought a faintly humming cloak for 294 gold pieces
 46423 | Vaults:4 | Identified the +0 cloak of Filth {rC- SInv Stlth+} (You
                  | bought it in a shop on level 4 of the Vaults)
 46429 | Vaults:4 | Bought a glowing cloak for 232 gold pieces
 46437 | Vaults:4 | Bought a potion of curing for 36 gold pieces
 46437 | Vaults:4 | Bought a potion of haste for 120 gold pieces
 46437 | Vaults:4 | Bought a potion of heal wounds for 60 gold pieces
 46690 | Abyss:1  | Paralysed by accursed screaming for 1 turns
 46873 | Abyss:1  | Gained mutation: You occasionally shout uncontrollably at
                  | your foes. [a neqoxec]
 46875 | Abyss:1  | Gained mutation: Your magical capacity is low. (-10% MP) [a
                  | neqoxec]
 46928 | Vaults:4 | Escaped the Abyss
 47151 | Vaults:4 | Found Viedio's Magic Scroll Shoppe.
 47155 | Vaults:4 | Bought a scroll of enchant weapon for 112 gold pieces
 47155 | Vaults:4 | Bought a scroll of teleportation for 45 gold pieces
 47495 | Vaults:4 | Bought a scroll of brand weapon for 300 gold pieces
 47874 | Depths:1 | Entered Level 1 of the Depths
 48621 | Depths:1 | Found Bosuarum's Gadget Shop.
 48625 | Depths:1 | Found Gurch's Jewellery Emporium.
 48626 | Depths:1 | Found Liatut's Gadget Shop.
 48660 | Depths:1 | Got a brightly glowing helmet
 48671 | Depths:1 | Identified the +2 helmet of Lorphun {Dex+2} (You found it
                  | on level 1 of the Depths)
 49570 | Depths:1 | Reached XP level 21. HP: 111/178 MP: 32/32
 49822 | Depths:1 | Found a gateway to Hell.
 49987 | Depths:1 | Found the +2 pair of boots of the Assassin {Detection Stab+
                  | Stlth++}
 50238 | Depths:2 | Reached skill level 23 in Invocations
 50476 | Depths:2 | HP: 3/179 [frost giant/bolt of cold (50)]
 50477 | Depths:2 | Killed from afar by a frost giant

Skill      XL: |  1  2  3  4  5  6  7  8  9 10 11 12 13 14 15 16 17 18 19 20 21 |
---------------+----------------------------------------------------------------+-----
Axes           | 2 3 4 5 6 8 10 11 13 14 | 14.0
Dodging        | 1 2 3 4 7 8 |  8.0
Armour         | 2 3 4 5 6 7 9 11 13 14 | 14.3
Invocations    | 3 4 5 6 8 10 11 13 14 15 16 17 19 20 21 22 23 | 23.0
Fighting       | 4 5 6 8 9 10 11 12 13 14 15 16 17 18 | 18.8
Evocations     | 4 6 8 9 10 | 10.5
Shields        | 3 4 |  4.0
Polearms       | 1 7 9 11 | 11.2

Action                   |  1- 3 |  4- 6 |  7- 9 | 10-12 | 13-15 | 16-18 | 19-21 || total
-------------------------+-------+-------+-------+-------+-------+-------+-------++-------
Melee: Hand axe          |   174 |   208 |   518 |  1100 |   384 |       |       ||  2384
       War axe           |       |       |       |    62 |       |       |       ||    62
       Demon trident     |       |       |       |       |   884 |  1754 |  1479 ||  4117
Invok: Depart the Abyss  |     1 |       |       |       |     1 |       |     1 ||     3
       Banish            |       |       |     4 |     9 |    13 |     3 |     3 ||    32
       Corrupt           |       |       |       |       |       |     1 |     2 ||     3
       Enter the Abyss   |       |       |       |       |       |       |     2 ||     2
Evoke: Wand              |       |       |     5 |    13 |    11 |     5 |       ||    34
  Use: Scroll            |       |     4 |     6 |    13 |    14 |    17 |    11 ||    65
       Potion            |       |     3 |     4 |     3 |     4 |     3 |     6 ||    23
 Stab: Sleeping          |     1 |       |       |       |       |       |       ||     1
       Confused          |       |       |       |       |     4 |       |       ||     4
       Paralysed         |       |       |       |       |       |     5 |       ||     5
       Distracted        |       |       |       |       |       |       |     1 ||     1
  Eat: Chunk             |     5 |     9 |    20 |    32 |    30 |    21 |    30 ||   147
       Ration            |       |       |     2 |     1 |     3 |     5 |     2 ||    13
Armor: Leather armour    |    50 |    41 |     8 |       |       |       |       ||    99
       Skin              |       |    27 |    21 |       |       |       |       ||    48
       Ring mail         |       |       |    64 |       |       |       |       ||    64
       Chain mail        |       |       |   123 |   249 |       |   245 |    76 ||   693
       Plate armour      |       |       |       |   284 |   535 |   278 |   437 ||  1534
Dodge: Dodged            |   136 |   137 |   329 |   598 |   524 |   483 |   580 ||  2787
       Deflected         |       |       |       |       |       |   104 |    39 ||   143
Block: Buckler           |       |       |       |       |   289 |   349 |   418 ||  1056
       Reflection        |       |       |       |       |       |    28 |    34 ||    62
